 Dungeon Crawl Stone Soup version 0.31.0-10-gcf4a605ca0 (webtiles) character file.

Game seed: 17115653884617695118

126 gelatine the Ruffian (level 4, -5/32 HPs)
             Began as a Demonspawn Shapeshifter on Jan 26, 2024.
             Slain by an ice beast (9 damage)
             ... on level 3 of the Dungeon.
             The game lasted 00:03:55 (2532 turns).

gelatine the Ruffian (Demonspawn Shapeshifter)      Turns: 2532, Time: 00:03:56

Health: -5/32      AC:  2    Str: 17    XL:     4   Next: 84%
Magic:  4/4        EV: 12    Int: 10    God:
Gold:   176        SH:  0    Dex: 12    Spells: 3/3 levels left

rFire   . .          .
                       - Unarmed
rCold   . . .        (no shield)
rNeg    . . .        a - +0 animal skin
rPois   .            (helmet currently unavailable)
rElec   .            (cloak currently unavailable)
rCorr   .            (gloves currently unavailable)
SInv    .            (boots currently unavailable)
Will    .....        (no amulet)
Stlth   +            (no ring)
HPRegen 0.25/turn    (no ring)
MPRegen 0.09/turn

%: no passive effects
@: beast-form
A: beast (slay +2), antennae 1, powered by death 1
a: Begin Untransformation


You were on level 3 of the Dungeon.
You were a hulking beast.
You visited 1 branch of the dungeon, and saw 3 of its levels.

You collected 176 gold pieces.

Inventory:

Armour
 a - a +0 animal skin (worn)
Jewellery
 i - a ring of magical power
Talismans
 c - a beast talisman
 d - a flux talisman
Scrolls
 e - 2 scrolls of identify {unknown}
 h - 2 scrolls of teleportation {unknown}
 j - a scroll of revelation {unknown}
 l - a scroll of noise {unknown}
 m - a scroll of acquirement {unknown}
 p - a scroll of fear {unknown}
Potions
 b - a potion of lignification
 f - a potion of enlightenment {unknown}
 g - 3 potions of attraction {unknown}
 k - 2 potions of heal wounds {unknown}
 n - a potion of ambrosia {unknown}
 o - a potion of mutation {unknown}


   Skills:
 * Level 1.6 Fighting
 * Level 2.2 Dodging
 + Level 0.2 Stealth
 * Level 3.8 Unarmed Combat
 * Level 3.6 Shapeshifting


You had 3 spell levels left.
You didn't know any spells.
Your spell library contained the following spells:

 Spells                   Type           Power      Damage    Failure   Level
 Magic Dart               Conj           0%         1d3       36%         1
 Searing Ray              Conj           0%         2d4       50%         2
 Static Discharge         Conj/Air       0%         3-3/arc   50%         2
 Airstrike                Air            0%         2d(0-16)  98%         4
 Fulminant Prism          Conj/Alch      0%         3d5       98%         4
 Summon Lightning Spire   Summ/Air       0%         N/A       98%         4


Dungeon Overview and Level Annotations

Branches:
Dungeon (3/15)

Altars:
Xom

Shops:
D:1 [


Innate Abilities, Weirdness & Mutations

You are a hulking beast.
Your limbs bulge with bestial killing power. (Slay +2)
You have a pair of small antennae on your head.
You regenerate a little health from kills.


Message History

You kill the butterfly!
A bat comes into view.
The bat closely misses you. The bat barely misses you.
The bat hits you but does no damage.
You closely miss the bat. The bat barely misses you. The bat barely misses you.
You miss the bat. The bat barely misses you.
You closely miss the bat. The bat hits you but does no damage. x2
The bat barely misses you.
You barely miss the bat. The bat closely misses you. x2
You punch the bat!
You kill the bat!
No target in view!
There is a shimmering altar of Xom here.
You sense a monster nearby.
An ice beast comes into view.
You hit the ice beast.
The ice beast is lightly wounded.
The ice beast hits you. The ice beast freezes you!
You barely miss the ice beast.
You punch the ice beast, but do no damage.
The ice beast is lightly wounded.
The ice beast barely misses you.
You hit the ice beast.
The ice beast is moderately wounded.
The ice beast hits you. The ice beast freezes you!
* * * LOW HITPOINT WARNING * * *
You hit the ice beast.
The ice beast is heavily wounded.
The ice beast barely misses you.
You hit the ice beast.
The ice beast is heavily wounded.
The ice beast misses you.
You hit the ice beast but do no damage.
The ice beast is heavily wounded.
The ice beast hits you.
* * * LOW HITPOINT WARNING * * *
The ice beast freezes you!
You die...

#### # ... ######
.#.########.....
####Y#..............
#..h.#....##.##...## ####
#.#######........>.. ...##
#....#....##.....###
##..### ##.#.#.#####.....#
##....#########.#.#.#
#.....#
##.._...........#...#
#.#####
##.....###########..#####.#
##.######.. ..............#
...# #.# #######.#######


You could see an ice beast.

Vanquished Creatures
  A bombardier beetle (D:3)
  3 adders (D:2)
  2 dart slugs
  12 ball pythons
  7 bats
  4 endoplasms
  2 giant cockroaches
  6 goblins
  9 hobgoblins
  5 quokkas
  2 frilled lizards
  6 kobolds
  6 rats
  A butterfly (D:3)
66 creatures vanquished.

Notes
Turn   | Place    | Note
-------+----------+-------------------------------------------
     0 | D:1      | gelatine the Demonspawn Shapeshifter began the quest for
                  | the Orb.
     0 | D:1      | Reached XP level 1. HP: 15/15 MP: 1/1
    96 | D:1      | Gained mutation: You regenerate a little health from kills.
                  | [demonic ancestry]
    96 | D:1      | Reached XP level 2. HP: 15/21 MP: 2/2
   607 | D:1      | Reached XP level 3. HP: 16/26 MP: 3/3
   652 | D:1      | Found Unacsyhi's Antique Armour Emporium.
  1397 | D:2      | Gained mutation: You have a pair of small antennae on your
                  | head. [demonic ancestry]
  1397 | D:2      | Reached XP level 4. HP: 30/32 MP: 4/4
  2474 | D:3      | Found a shimmering altar of Xom.
  2526 | D:3      | Noticed an ice beast
  2532 | D:3      | Slain by an ice beast

Illustrated notes

Levels and vault maps discovered:
D:1:      saegor_arrival_under_anarchy, layout_loops_ring, serial_shops, shop
D:2:      layout_loops_corners, kennysheep_cluttered_room
D:3:      layout_loops_ring, xom_butterflies, lightli_temple_of_fire

Skill      XL: |  1  2  3  4 |
---------------+-------------+-----
Shapeshifting  | 3 |  3.6
Unarmed Combat | 3 |  3.8
Dodging        | 2 |  2.2
Fighting       | |  1.6
Stealth        | |  0.2

Action                     |  1- 3 |  4- 6 || total
---------------------------+-------+-------++-------
  Melee: Unarmed           |   130 |    55 ||   185
         Punch             |     2 |     1 ||     3
 Armour: Animal skin       |    68 |    31 ||    99
  Dodge: Dodged            |    65 |    43 ||   108
